 Dungeon Crawl Stone Soup version 0.20-a0-738-gb057e68 (webtiles) character file.

50780 KristoblXynda the Unseen (level 14, 0/98 HPs)
             Began as a Vampire Ice Elementalist on Feb 23, 2017.
             Was a High Priest of Dithmenos.
             Slain by a centaur warrior skeleton (5 damage)
             ... on level 14 of the Dungeon.
             The game lasted 01:34:22 (28279 turns).

KristoblXynda the Unseen (VpIE)                    Turns: 28279, Time: 01:34:23

Health: 0/98       AC: 12    Str: 13    XL:     14   Next: 21%
Magic:  2/23       EV: 17    Int: 23    God:    Dithmenos [*****.]
Gold:   973        SH:  5    Dex: 16    Spells: 6/25 levels left

rFire    . . .     SeeInvis +   m - +5 dagger (freeze)
rCold    + + .     Gourm    .   L - +2 robe {rC+}
rNeg     + + .     Faith    .   O - +0 buckler
rPois    +         Spirit   .   w - +0 hat
rElec    .         Reflect  .   z - +0 cloak
rCorr    .         Harm     .   u - +0 pair of gloves
MR       +....                  y - +1 pair of boots
Stlth    ++++++++++             a - amulet of magic regeneration
Regen    0.2/turn               p - +4 ring of protection
MPRegen  0.3/turn               J - +4 ring of strength

@: very slightly contaminated, regenerating slowly, wreathed by umbra
A: fangs 3, see invisible, agile 1, blink, mutation resistance 1, strong 1,
unbreathing
a: Bat Form, Blink, Shadow Step, Shadow Form, Renounce Religion


You were on level 14 of the Dungeon.
You worshipped Dithmenos.
Dithmenos was extremely pleased with you.
You were very thirsty.

You visited 4 branches of the dungeon, and saw 21 of its levels.

You collected 1364 gold pieces.
You spent 391 gold pieces at shops.

Inventory:

Hand Weapons
 j - the +7 longbow "Piercer" {penet, EV-2}
   (You took it off a naga on level 4 of the Lair of Beasts)

   Ammo fired by it will pass through the targets it hits, potentially hitting
   all targets in its path until it reaches maximum range.
   It affects your evasion (-2).
 m - a +5 dagger of freezing (weapon)
Missiles
 s - 2 javelins of penetration
 H - a throwing net (quivered)
Armour
 u - a +0 pair of gloves (worn)
 w - a +0 hat (worn)
 y - a +1 pair of boots (worn)
 z - a +0 cloak (worn)
 L - a +2 robe of cold resistance (worn)
 O - a +0 buckler (worn)
Jewellery
 a - an amulet of magic regeneration (around neck)
 p - a +4 ring of protection (right hand)
 J - a +4 ring of strength (left hand)
Wands
 o - a wand of acid (2/15)
 N - a wand of digging (12/24)
Scrolls
 e - 8 scrolls of teleportation
 i - a scroll of amnesia
 k - a scroll of remove curse
 q - a scroll of blinking
 v - a scroll of recharging
Potions
 b - a potion of degeneration {unknown}
 c - 7 potions of blood
 d - 3 potions of might
 f - a potion of experience {unknown}
 g - a potion of cancellation {unknown}
 h - 3 potions of flight
 l - a potion of mutation
 n - 2 potions of heal wounds {unknown}
 r - 2 potions of haste
 x - 2 potions of magic {unknown}
 F - 2 potions of brilliance {unknown}
 K - 6 potions of lignification
Books
 B - a book of Battle

   Spells                             Type                      Level
   a - Infusion                       Charms                       1
   b - Shroud of Golubria             Charms/Translocation         2
   c - Song of Slaying                Charms                       2
   d - Spectral Weapon                Hexes/Charms                 3
   e - Regeneration                   Charms/Necromancy            3
Miscellaneous
 t - a phantom mirror


   Skills:
 + Level 5.1 Fighting
 - Level 5.1 Short Blades
 - Level 7.1 Dodging
 - Level 15.0 Stealth
 - Level 4.0 Shields
 - Level 6.4 Spellcasting
 + Level 9.2 Conjurations
 - Level 8.0 Transmutations
 - Level 3.1 Ice Magic
 - Level 4.2 Air Magic
 + Level 7.8 Earth Magic
 - Level 2.1 Poison Magic
 - Level 8.1 Invocations
 - Level 4.3 Evocations


You had 6 spell levels left.
You knew the following spells:

 Your Spells              Type           Power        Failure   Level  Hunger
a - Throw Icicle          Conj/Ice       #####...     10%         4    ###....
b - Regeneration          Chrm/Necr      #.........   24%         3    #......
c - Mephitic Cloud        Conj/Pois/Air  ####....     3%          3    #......
d - Petrify               Tmut/Erth      #####...     3%          4    ###....
e - Lee's Rapid Deconstr  Erth           #####.....   12%         5    #####..


Dungeon Overview and Level Annotations

Branches:
Dungeon (14/15)            Temple (1/1) D:7            Lair (5/6) D:11
  Swamp (0/4) Lair:4        Snake (0/4) Lair:4        Slime (0/5) Lair:5
    Orc (1/2) D:9
 Vaults: D:13-14

Altars:
Ashenzari
Cheibriados
Dithmenos
Elyvilon
Fedhas
Gozag
Hepliaklqana
Kikubaaqudgha
Makhleb
Nemelex Xobeh
Okawaru
Qazlal
Ru
Sif Muna
Trog
Uskayaw
Vehumet
Wu Jian
Xom
Yredelemnul
Zin
The Shining One
Jiyva
Lugonu

Shops:
D:9 =   D:10 [*=

Portals:
Trove: D:10 (give 16 scrolls of identify)

Annotations:
D:6 Gorglomux's ghost, novice TeWz
D:12 Josephine
Lair:5 Rupert


Innate Abilities, Weirdness & Mutations

You heal slowly.
You have razor-sharp teeth.
You have supernaturally acute eyesight. (SInv)
You can survive without breathing.
You are agile. (Dex +2)
You can translocate small distances at will.
You are somewhat resistant to further mutation.
Your muscles are strong. (Str +2)


Message History

The centaur warrior is splashed with acid.
The acid corrodes the centaur warrior!
You kill the centaur warrior!
Dithmenos accepts your kill.
This wand has 2 charges left.
The centaur warrior skeleton barely misses you.
You hit the centaur warrior skeleton. You bite the centaur warrior skeleton.
The centaur warrior skeleton is heavily damaged.
The centaur warrior skeleton closely misses you.
The centaur warrior skeleton closely misses you.
Casting: Petrify
Confirm with . or Enter, or press ? or * to list all spells.
Aiming: Petrify
Press: ? - help, Shift-Dir - straight line, f - centaur warrior skeleton
Aim: a centaur warrior skeleton (heavily damaged, covered in acid, umbra, chance to defeat MR: 74%)
The centaur warrior skeleton struggles to resist.
Your shadow mimicks your spell!
The centaur warrior skeleton is moving more slowly.
The centaur warrior skeleton hits you.
You die...

#.#.............
#..c....?......
#.............
#...(........
#.#...........
#..#.#.####### ##########
##..##'##.##.####
#.#..#...# #...
#.(...).(..# #........#
..... #.....).Z@.#
#........# .....
#.....†....# #........#
####.
###..###..#######'####...#
#..###..###..##<####...#
...(.#..........!#......#
......#...........#......#
.......#..<........#......#
.... #.÷.........#......#
##...##.....##.....#


You could see a centaur warrior skeleton (petrifying).

Vanquished Creatures
  Agnes (D:14)
  Nessos (D:12)
  Fannar (D:12)
  3 hydras
  A catoblepas (Lair:3)
  A centaur warrior (D:14)
  A death knight (D:13)
  4 two-headed ogres
  Nergalle (D:12)
  Urug (D:12)
  The ghost of anet the Jinx, a novice DEWz of Ashenzari (D:8)
  An unseen horror (D:10)
  Pikel (D:4)
  A necromancer (D:13)
  2 oklob plants
  2 ugly things
  2 cyclopes
  2 black mambas
  Maurice (D:8)
  8 elephants
  Joseph (Lair:1)
  5 spiny frogs
  2 rime drakes (Lair:3)
  An efreet (D:13)
  5 gargoyles
  5 komodo dragons
  2 kobold demonologists (D:12)
  A redback zombie (D:13)
  A freezing wraith (D:13)
  2 trolls
  A merfolk (D:9)
  Grinder (D:6)
  11 slime creatures (D:13)
  9 blink frogs
  5 dream sheep (Lair:4)
  11 hippogriffs
  37 yaks
  4 wyverns
  A shadow (D:12)
  3 wraiths
  4 hungry ghosts
  2 basilisks (Lair:4)
  A steam dragon (D:13)
  6 vampire mosquitoes (Lair:4)
  An acid dragon (D:14)
  A warg (D:9)
  4 nagas (Lair:4)
  11 porcupines
  6 water moccasins
  3 orc warriors
  3 ice beasts
  3 sky beasts
  2 black bears
  9 centaurs
  5 wolves (Lair:4)
  9 ogres
  8 crocodiles
  2 big kobolds
  20 bullfrogs
  2 wyvern skeletons
  4 scorpions
  16 killer bees
  8 wights
  7 howler monkeys
  2 electric eels (Lair:4)
  5 crimson imps
  A centaur zombie (D:6)
  2 quasits
  4 jellies
  2 orc priests
  9 hounds
  4 iguanas
  15 orc wizards
  3 centaur skeletons
  13 worker ants
  2 polar bear simulacra (D:13)
  3 yak simulacra (D:13)
  5 wolf simulacra (D:13)
  A hound skeleton (D:8)
  3 gnolls (D:8)
  14 adders
  4 shadow imps
  2 oozes
  A worm (D:2)
  4 dart slugs
  5 leopard geckos
  31 orcs
  8 bats
  5 giant cockroaches
  6 goblins
  8 hobgoblins
  13 jackals
  16 kobolds
  10 quokkas
  2 ball pythons
  5 frilled lizards
  2 jackal skeletons
  A quokka zombie (D:7)
  5 rats
  A river rat simulacrum (D:13)
  A spectral orc (D:8)
  2 plants
501 creatures vanquished.

Vanquished Creatures (others)
  A slave (D:4)
  A scorpion (D:4)
  A worker ant (D:4)
  A dart slug (D:4)
  An orc (D:8)
  4 fungi
  6 plants
15 creatures vanquished.

Grand Total: 516 creatures vanquished

Notes
Turn   | Place    | Note
-------+----------+-------------------------------------------
     0 | D:1      | KristoblXynda the Vampire Ice Elementalist began the quest for the Orb.
     0 | D:1      | Reached XP level 1. HP: 13/13 MP: 3/3
   232 | D:1      | Reached XP level 2. HP: 15/19 MP: 1/5
   263 | D:1      | Learned a level 2 spell: Throw Frost
  1022 | D:1      | Reached skill level 1 in Short Blades
  1022 | D:1      | Reached skill level 1 in Conjurations
  1022 | D:1      | Reached XP level 3. HP: 24/24 MP: 2/6
  1180 | D:2      | Found an ornate altar of the Wu Jian Council.
  1180 | D:2      | Found a glowing golden altar of the Shining One.
  1228 | D:2      | Found a stormy altar of Qazlal.
  1281 | D:2      | Reached skill level 4 in Stealth
  1281 | D:2      | Reached XP level 4. HP: 24/30 MP: 7/7
  1688 | D:2      | Learned a level 3 spell: Mephitic Cloud
  2277 | D:3      | Found a radiant altar of Vehumet.
  2442 | D:3      | Found a shattered altar of Ashenzari.
  2462 | D:3      | Reached skill level 1 in Air Magic
  2557 | D:4      | Noticed Grinder
  2578 | D:4      | Reached XP level 5. HP: 33/35 MP: 6/9
  2588 | D:4      | Reached skill level 5 in Stealth
  2675 | D:4      | Found a white marble altar of Elyvilon.
  2679 | D:4      | Noticed a slave
  2685 | D:4      | Noticed a slave
  2685 | D:4      | Noticed a slave
  2686 | D:4      | Noticed Pikel
  2686 | D:4      | Noticed a slave
  2845 | D:4      | Noticed an ogre
  2855 | D:4      | Killed an ogre
  2855 | D:4      | Reached XP level 6. HP: 21/41 MP: 1/11
  2878 | D:4      | Found a hazy altar of Hepliaklqana.
  2915 | D:4      | Reached skill level 6 in Stealth
  3460 | D:4      | Reached XP level 7. HP: 46/46 MP: 3/12
  3506 | D:4      | Killed Pikel
  3667 | D:4      | Found a snail-covered altar of Cheibriados.
  3726 | D:5      | Entered Level 5 of the Dungeon
  3863 | D:5      | Reached XP level 8. HP: 48/52 MP: 10/14
  4038 | D:5      | Found a sparkling altar of Nemelex Xobeh.
  4270 | D:5      | Reached skill level 5 in Spellcasting
  4320 | D:5      | HP: 2/52 [sky beast (5)]
  4700 | D:5      | Reached skill level 7 in Stealth
  4965 | D:6      | Found an opulent altar of Gozag.
  5112 | D:6      | Killed Grinder
  5112 | D:6      | Reached skill level 5 in Short Blades
  5112 | D:6      | Reached skill level 8 in Stealth
  5414 | D:6      | Reached XP level 9. HP: 55/58 MP: 17/17
  5470 | D:6      | Noticed Gorglomux's ghost (novice TeWz)
  5699 | D:6      | Learned a level 4 spell: Throw Icicle
  6084 | D:6      | Found a blossoming altar of Fedhas.
  6204 | D:6      | Reached skill level 1 in Fighting
  6809 | D:7      | Found a staircase to the Ecumenical Temple.
  6819 | Temple   | Entered the Ecumenical Temple
  6858 | Temple   | Became a worshipper of Dithmenos the Shadowed
  6888 | D:7      | Reached skill level 1 in Evocations
  7786 | D:7      | Found a deep blue altar of Sif Muna.
  8165 | D:7      | Reached skill level 9 in Stealth
  8549 | D:7      | Reached skill level 1 in Invocations
  8650 | D:7      | Found a shimmering altar of Xom.
  8903 | D:8      | Noticed Maurice
  8913 | D:8      | Killed Maurice
  8913 | D:8      | Reached skill level 5 in Conjurations
  9099 | D:8      | Noticed a two-headed ogre
  9113 | D:8      | Killed a two-headed ogre
  9113 | D:8      | Reached skill level 10 in Stealth
  9113 | D:8      | Reached XP level 10. HP: 64/65 MP: 7/19
  9464 | D:8      | Found a basalt altar of Yredelemnul.
  9472 | D:8      | Reached * piety under Dithmenos
  9602 | D:8      | Noticed anet's ghost (novice DEWz)
  9719 | D:8      | Reached skill level 11 in Stealth
  9729 | D:8      | Killed anet's ghost
 10447 | D:9      | Found Xyaroibb's Jewellery Shop.
 10466 | D:9      | Bought a +3 ring of evasion for 357 gold pieces
 10466 | D:9      | Bought a cursed amulet of inaccuracy for 34 gold pieces
 10531 | D:9      | Found a staircase to the Orcish Mines.
 10597 | D:9      | Reached ** piety under Dithmenos
 11012 | D:9      | Reached skill level 5 in Invocations
 11147 | D:9      | Learned a level 4 spell: Petrify
 11213 | D:10     | Entered Level 10 of the Dungeon
 11471 | D:10     | Noticed an unseen horror
 11476 | D:10     | Killed an unseen horror
 11476 | D:10     | Reached skill level 5 in Dodging
 11476 | D:10     | Reached XP level 11. HP: 59/70 MP: 20/20
 11551 | D:10     | Found Biegh's Antique Armour Emporium.
 11583 | D:10     | Found a portal to a secret trove of treasure.
 11658 | D:10     | Found Oplodoh's Jewellery Boutique.
 11697 | D:10     | Reached skill level 1 in Transmutations
 12215 | D:10     | Found Avaocleq's Assorted Antiques.
 12710 | D:11     | Noticed an oklob plant
 12718 | D:11     | Found a staircase to the Lair.
 12769 | D:11     | Reached *** piety under Dithmenos
 12947 | D:11     | Noticed a two-headed ogre
 12953 | D:11     | Noticed a white ugly thing
 12954 | D:11     | Killed a two-headed ogre
 12954 | D:11     | Reached skill level 1 in Earth Magic
 13071 | D:11     | Killed a white ugly thing
 13310 | D:11     | Noticed a two-headed ogre
 13377 | D:11     | Killed a two-headed ogre
 13377 | D:11     | Reached skill level 1 in Shields
 13377 | D:11     | Reached skill level 5 in Transmutations
 14469 | D:11     | Reached skill level 1 in Poison Magic
 14728 | D:12     | Noticed Nergalle
 14745 | D:12     | Killed Nergalle
 14769 | D:12     | Noticed Urug
 14834 | D:12     | Noticed a two-headed ogre
 14836 | D:12     | Reached XP level 12. HP: 76/78 MP: 19/21
 14849 | D:12     | Killed a two-headed ogre
 14946 | D:12     | Noticed Nessos
 14950 | D:12     | Killed Nessos
 14950 | D:12     | Reached **** piety under Dithmenos
 15057 | D:12     | Noticed Fannar
 15088 | D:12     | Killed Fannar
 15088 | D:12     | Reached skill level 5 in Earth Magic
 15274 | D:12     | Killed Urug
 15490 | D:12     | Noticed Josephine
 15856 | Lair:1   | Entered Level 1 of the Lair of Beasts
 16118 | Lair:1   | Noticed Joseph
 16167 | Lair:1   | Killed Joseph
 17375 | Lair:2   | Reached skill level 12 in Stealth
 17487 | Lair:2   | Found a glowing silver altar of Zin.
 19025 | Lair:3   | Reached XP level 13. HP: 43/88 MP: 15/22
 19632 | Lair:3   | Reached skill level 13 in Stealth
 21285 | Lair:4   | Reached ***** piety under Dithmenos
 22265 | Lair:4   | Reached skill level 14 in Stealth
 22314 | Lair:4   | Found a staircase to the Snake Pit.
 22354 | Lair:4   | Found a staircase to the Swamp.
 23266 | Lair:5   | Found a viscous altar of Jiyva.
 23266 | Lair:5   | Found a staircase to the Slime Pits.
 24127 | Lair:5   | Noticed Rupert
 24165 | Lair:5   | Paralysed by Rupert for 2 turns
 25266 | Orc:1    | Entered Level 1 of the Orcish Mines
 25281 | Orc:1    | Gained mutation: Your spells are a little harder to cast, but a little more powerful. [potion of mutation]
 25281 | Orc:1    | Gained mutation: Your mind is acute. (Int +2) [potion of mutation]
 25282 | Orc:1    | Lost mutation: Your spells are a little harder to cast, but a little more powerful. [potion of mutation]
 25282 | Orc:1    | Lost mutation: Your mind is acute. (Int +2) [potion of mutation]
 25282 | Orc:1    | Gained mutation: You can translocate small distances at will. [potion of mutation]
 25282 | Orc:1    | Gained mutation: You are agile. (Dex +2) [potion of mutation]
 25282 | Orc:1    | Gained mutation: Your muscles are strong. (Str +2) [potion of mutation]
 25282 | Orc:1    | Gained mutation: You are somewhat resistant to further mutation. [potion of mutation]
 25653 | Lair:1   | Learned a level 3 spell: Regeneration
 25659 | Lair:1   | Learned a level 5 spell: Lee's Rapid Deconstruction
 26025 | D:13     | Reached skill level 15 in Stealth
 27229 | D:13     | Reached XP level 14. HP: 83/95 MP: 12/23
 28163 | D:14     | Noticed Agnes
 28166 | D:14     | Killed Agnes
 28255 | D:14     | Reached skill level 5 in Fighting
 28275 | D:14     | HP: 4/98 [centaur warrior/arrow (18)]
 28279 | D:14     | Slain by a centaur warrior skeleton

Vault maps used:
D:1:      dpeg_arrival_fog, minmay_misc_feat_secret_circle, minivault_5,
          minmay_misc_feat_rugged
D:2:      chequers_temple_overflow_statue_of_worship,
          nicolae_overflow_hidden_temple
D:3:      cheibrodos_helix_gallery, cheibrodos_ashenzari_chains,
          nicolae_overflow_crystal_walls, eino_tiny_chamber
D:4:      kennysheep_slug_shrine, old_standard_altar, kennysheep_mini,
          first_bread, uniq_grinder, uniq_pikel
D:5:      kennysheep_mini_moat
D:6:      fedhas_altar_fruit_tree, lemuel_round_altar
D:7:      overflow_temple_1_default, lemuel_coloured_pillars_altar, temple_green
D:8:      yredelemnul_forgotten_temple_becter, uniq_maurice
D:9:      david_orc_2, serial_shops, shop, hangedman_fish_farm
D:10:     enter_trove_3, serial_shops, nicolae_shop_overgrown_old_shop,
          nicolae_shop_waterfront, shop
D:11:     dpeg_oklobed_lair, minmay_strange_pillars, kennysheep_small_square
D:12:     uniq_nessos, uniq_josephine, uniq_nergalle, uniq_fannar, uniq_urug
D:13:     eino_house_with_fridge
D:14:     erik_vaults_2, hangedman_abyss_or_decor_slice, uniq_agnes
Temple:   corrupted_temple
Lair:1:   beast_lair_carwin_3, uniq_joseph
Lair:2:   basic_altar
Lair:3:   serial_bayou_pond_c
Lair:4:   minmay_swamp_entry_swarm, minmay_snake_entry_guardpost_medium,
          infiniplex_staircase_pool, serial_bayou_shore_a
Lair:5:   slime_altar_1, st_stairs_7, lemuel_fruit_tree, grunt_megastairs_2,
          infiniplex_staircase_pool_2, uniq_rupert
Orc:1:    giant_chief_lemuel, serial_shops, nicolae_shop_window_shopping

Skill      XL: |  1  2  3  4  5  6  7  8  9 10 11 12 13 14 |
---------------+-------------------------------------------+-----
Short Blades   | 1 2 3 5 |  5.1
Conjurations   | 1 2 3 4 5 6 7 8 9 |  9.2
Stealth        | 4 5 6 8 10 11 12 15 | 15.0
Air Magic      | 1 2 3 4 |  4.2
Spellcasting   | 3 4 5 6 |  6.4
Fighting       | 1 2 4 5 |  5.1
Evocations     | 2 4 |  4.3
Invocations    | 3 5 6 7 8 |  8.1
Dodging        | 5 7 |  7.1
Transmutations | 5 8 |  8.0
Earth Magic    | 4 6 7 |  7.8
Shields        | 2 4 |  4.0
Poison Magic   | 1 2 |  2.1
Ice Magic      | |  3.1

Action                   |  1- 3 |  4- 6 |  7- 9 | 10-12 | 13-15 || total
-------------------------+-------+-------+-------+-------+-------++-------
Melee: Unarmed           |     8 |       |       |       |       ||     8
       Dagger            |    35 |   105 |   312 |   837 |   590 ||  1879
       Bite              |     5 |    11 |    34 |    79 |    66 ||   195
       Short sword       |     3 |       |       |       |       ||     3
 Cast: Freeze            |    37 |    16 |       |       |       ||    53
       Throw Frost       |       |    20 |    89 |    19 |       ||   128
       Mephitic Cloud    |       |     1 |     6 |    49 |    20 ||    76
       Throw Icicle      |       |       |       |    29 |    33 ||    62
       Petrify           |       |       |       |     4 |    67 ||    71
       Lee's Rapid Decon |       |       |       |       |     4 ||     4
 Abil: End Transformatio |       |     1 |     1 |     1 |     4 ||     7
       Bat Form          |       |     1 |     1 |     1 |     4 ||     7
Evoke: Wand              |       |     1 |     4 |    10 |    13 ||    28
  Use: Scroll            |       |    11 |    13 |    12 |     9 ||    45
       Potion            |       |     6 |    12 |    23 |    28 ||    69
 Stab: Sleeping          |     5 |    11 |    11 |    52 |    24 ||   103
       Confused          |       |     1 |     4 |    33 |    16 ||    54
       Petrified         |       |       |       |     4 |    33 ||    37
       Petrifying        |       |       |       |       |     4 ||     4
       Distracted        |       |       |       |       |     1 ||     1
Armor: Robe              |    10 |    23 |    60 |   155 |   116 ||   364
       Skin              |       |       |     3 |       |       ||     3
Dodge: Dodged            |    53 |    88 |   150 |   531 |   439 ||  1261
Block: Buckler           |       |       |       |    27 |   127 ||   154
